 Dungeon Crawl Stone Soup version 0.30-a0-743-gbfdf073431 (webtiles) character file.

Game seed: 17657104956803545966

290 porpoise the Chopper (level 6, -5/56 HPs)
             Began as a Hill Orc Monk on Feb 8, 2023.
             Killed by divine providence
             ... invoked by an orc priest
              (10 damage)
             ... on level 4 of the Dungeon.
             The game lasted 00:12:28 (3119 turns).

porpoise the Chopper (Hill Orc Monk)                Turns: 3119, Time: 00:12:28

Health: -5/56      AC:  6    Str: 16    XL:     6   Next: 32%
Magic:  6/6        EV: 11    Int: 10    God:
Gold:   158        SH:  0    Dex: 13    Spells: 5/5 levels left

rFire   . . .      SeeInvis .    a - +0 war axe
rCold   . . .      Faith    .    (no shield)
rNeg    . . .      Spirit   .    i - +1 ring mail
rPois   +          Reflect  .    (no helmet)
rElec   .          Harm     .    (no cloak)
rCorr   .          Rampage  .    (no gloves)
Will    .....                    (no boots) Stlth
                                 e - amulet of regeneration
HPRegen 1.09/turn                o - ring of poison resistance
MPRegen 0.10/turn                (no ring)

@: confused, ambrosia-drunk
A: no striking features
a: Convert to Beogh


You were on level 4 of the Dungeon.
You visited 1 branch of the dungeon, and saw 4 of its levels.

You collected 158 gold pieces.

Inventory:

Hand Weapons
 a - a +0 war axe (weapon)
 b - a +0 sling
Missiles
 r - 4 boomerangs
Armour
 i - a +1 ring mail (worn)
 j - a +0 robe
 n - the +0 leather armour "Ymofredu" {rC++ MP+9 Int-3 SInv}
   (You found it on level 3 of the Dungeon)

   Int:       It affects your intelligence (-3).
   rC:        It greatly protects you from cold.
   MP:        It affects your magic capacity (+9).
   SInv:      It lets you see invisible.
Jewellery
 d - a ring of wizardry
 e - an amulet of regeneration (around neck)
 h - an amulet of guardian spirit
 o - a ring of poison resistance (left hand)
 s - an amulet of the acrobat
Wands
 k - a wand of charming (11)
 u - a wand of roots (4)
Scrolls
 f - a scroll of teleportation {unknown}
 l - a scroll of magic mapping {unknown}
 q - a scroll of enchant armour
 t - a scroll of fog {unknown}
Potions
 g - a potion of brilliance {unknown}
 m - a potion of degeneration {unknown}
 p - a potion of curing {unknown}


   Skills:
 + Level 5.5 Fighting
 * Level 7.8 Axes
 - Level 2.4 Dodging
 - Level 1.5 Stealth


You had 5 spell levels left.
You didn't know any spells.
Your spell library contained the following spells:

 Spells                   Type           Power      Damage    Failure   Level
 Call Canine Familiar     Summ           0%         N/A       91%         3
 Portal Projectile        Hex/Tloc       0%         N/A       91%         3
 Leda's Liquefaction      Hex/Erth       0%         N/A       100%        4


Dungeon Overview and Level Annotations

Branches:
Dungeon (4/15)
 Temple: D:4-7

Altars:
Trog


Message History

You hit the orc priest.
The orc priest is heavily wounded.
You hit the orc. You hit the orc wizard.
The orc priest hits you with a +0 mace.
* * * LOW HITPOINT WARNING * * *
The orc closely misses you.
The orc wizard hits you but does no damage.
You hit the orc priest.
The orc priest is severely wounded.
You closely miss the orc wizard. You hit the orc.
The orc priest calls upon Beogh to heal the orc.
The orc is healed somewhat.
The orc wizard hits you with a +0 dagger.
* * * LOW HITPOINT WARNING * * *
The orc hits you but does no damage.
You closely miss the orc priest.
The orc priest is severely wounded.
You hit the orc but do no damage. You hit the orc wizard.
The orc hits you with a +0 mace.
* * * LOW HITPOINT WARNING * * *
The orc wizard casts a spell.
The orc wizard flickers and vanishes!
Deactivating autopickup; reactivate with Ctrl-A.
The orc priest closely misses you.
You hit the orc priest but do no damage.
The orc priest shouts, "Surrender to Beogh and we'll let you live!"
The orc priest is severely wounded.
You hit the orc. You slash something!
Reactivating autopickup.
You feel a bit more experienced. The orc hits you with a +0 mace.
* * * LOW HITPOINT WARNING * * *
The orc priest hits you but does no damage.
You are confused.
You feel invigorated. The orc hits you but does no damage.
The orc priest hits you but does no damage.
The orc hits you with a +0 mace!
* * * LOW HITPOINT WARNING * * *
The orc priest mumbles some strange prayers to Beogh against you.
Beogh smites you!
You die...

... ##.. ###.#########
.#... #...†#......###
...... #....#........#
...... #..#.#......###
.....##.##........#
#.....#..#........#
#...##.....#+##
#)@).#.###...# ###
#.oo.#.###...###.#
......#...........#
..##....####....#####.
...
.............'..... ..
......##.#....#####. #
.......##.#....#
..).?..##.#....#
#.##'####


You could see an orc priest and an orc.

Vanquished Creatures
  2 hounds (D:3)
  2 orc wizards
  5 adders
  3 gnolls
  4 dart slugs
  8 orcs
  6 bats
  5 endoplasms
  4 giant cockroaches
  8 goblins
  5 hobgoblins
  10 jackals (D:1)
  A quokka (D:4)
  12 ball pythons
  7 frilled lizards
  8 kobolds
  7 rats
97 creatures vanquished.

Vanquished Creatures (others)
  9 fungi (D:4)
9 creatures vanquished.

Grand Total: 106 creatures vanquished

Notes
Turn   | Place    | Note
-------+----------+-------------------------------------------
     0 | D:1      | porpoise the Hill Orc Monk began the quest for the Orb.
     0 | D:1      | Reached XP level 1. HP: 19/19 MP: 1/1
    15 | D:1      | Reached XP level 2. HP: 13/27 MP: 2/2
   300 | D:1      | Reached skill level 5 in Axes
   310 | D:1      | Reached XP level 3. HP: 25/33 MP: 3/3
   462 | D:1      | Found a faded altar of an unknown god.
   963 | D:1      | Reached XP level 4. HP: 28/41 MP: 4/4
  1423 | D:2      | Reached skill level 6 in Axes
  2081 | D:2      | Reached XP level 5. HP: 44/47 MP: 5/5
  2144 | D:2      | You fall into a shaft and drop 2 floors!
  2206 | D:3      | Identified the +0 leather armour "Ymofredu" {rC++ MP+9
                  | Int-3 SInv}
  2467 | D:3      | Reached skill level 5 in Fighting
  2474 | D:3      | Reached skill level 7 in Axes
  2714 | D:3      | Found a bloodstained altar of Trog.
  2808 | D:3      | Reached XP level 6. HP: 46/56 MP: 6/6
  3117 | D:4      | HP: 1/56 [orc/+0 mace (6)]
  3119 | D:4      | Killed from afar by an orc priest

Illustrated notes

Levels and vault maps discovered:
D:1:      wander_arrival_desolate, layout_loops_corners,
          nicolae_ecumenical_snake_handling
D:2:      layout_loops_ring
D:3:      layout_basic, old_standard_altar, cheibrodos_gnoll_hut
D:4:      nicolae_cairo_tiling_large_dashed, layout_basic,
          lemuel_mausoleum_altar_kikubaaqudgha, serial_aquarium,
          aquarium_bridge_square [aquarium_subvault_bridge,
          aquarium_subvault_bridge, aquarium_subvault_bridge,
          aquarium_subvault_wall], aquarium_bridge_straight
          [aquarium_subvault_bridge, aquarium_subvault_wall,
          aquarium_subvault_bridge, aquarium_subvault_wall],
          aquarium_window_corridor_2, aquarium_window_corner, aquarium_view_2c,
          aquarium_balcony_1a

Skill      XL: |  1  2  3  4  5 |
---------------+----------------+-----
Fighting       | 4 5 |  5.5
Axes           | 5 6 7 |  7.8
Dodging        | |  2.4
Stealth        | |  1.5

Action                     |  1- 3 |  4- 6 || total
---------------------------+-------+-------++-------
  Melee: Hand axe          |   126 |   144 ||   270
         Punch             |     2 |     1 ||     3
         War axe           |       |    30 ||    30
   Fire: Sling             |       |    34 ||    34
    Use: Scroll            |       |     1 ||     1
         Potion            |       |     1 ||     1
   Stab: Sleeping          |     2 |     1 ||     3
 Armour: Robe              |    25 |     4 ||    29
         Ring mail         |       |    55 ||    55
  Dodge: Dodged            |    99 |    99 ||   198

Table legend: (Time is in decaauts)
 A = Elapsed time spent in this place.
 B = Non-inter-level travel time spent in this place.
 C = Inter-level travel time spent in this place.
 D = Time resting spent in this place.
 E = Time spent auto-exploring this place.
 F = Levels seen in this place.
 G = Mean time per level.
                   A        B        C        D        E       F      G
               +--------+--------+--------+--------+--------+-----+--------+
         Total |   3132 |   3008 |    124 |    517 |   1656 |   4 |  783.0 |
       Dungeon |   3132 |   3008 |    124 |    517 |   1656 |   4 |  783.0 |
               +--------+--------+--------+--------+--------+-----+--------+

Top non-repeatable levels by time:
     D:1: 1232 daAuts
     D:2: 1001 daAuts
     D:3: 802 daAuts
     D:4: 96 daAuts
